 Dungeon Crawl Stone Soup version 0.31-a0-851-g7ff8af7976 (webtiles) character file.

Game seed: 11426707421298790475

65 Schnaeble the Trooper (level 3, -2/33 HPs)
             Began as a Draconian Berserker on Oct 6, 2023.
             Was a Believer of Trog.
             Slain by an orc
             ... wielding a +0 flail
              (4 damage)
             ... on level 3 of the Dungeon.
             The game lasted 00:02:29 (1523 turns).

Schnaeble the Trooper (Draconian Berserker)         Turns: 1523, Time: 00:02:30

Health: -2/33      AC:  6    Str: 21    XL:     3   Next: 92%
Magic:  3/3        EV: 12    Int:  7    God:    Trog [**....]
Gold:   92         SH:  0    Dex: 10    Spells: 2/2 levels left

rFire   + . .        a - +0 falchion
rCold   + . .        (no shield)
rNeg    . . .        (body armour unavailable)
rPois   .            (helmet restricted)
rElec   .            h - +0 cloak
rCorr   .            (no gloves)
SInv    .            (no boots)
Will    .....        (no amulet)
Stlth   +            c - ring of protection from fire
HPRegen 0.25/turn    d - ring of protection from cold
MPRegen 0.08/turn

%: no passive effects
@: lethally poisoned (-2 -> -5)
A: AC +5, unfitting armour, cold-blooded
a: Renounce Religion, Berserk, Trog's Hand


You were on level 3 of the Dungeon.
You worshipped Trog.
Trog was pleased with you.
You visited 1 branch of the dungeon, and saw 3 of its levels.

You collected 92 gold pieces.

Inventory:

Hand Weapons
 a - a +0 falchion (weapon)
Armour
 h - a +0 cloak (worn)
Jewellery
 c - a ring of protection from fire (left hand)
 d - a ring of protection from cold (right hand)
Scrolls
 b - a scroll of fear {unknown}
 f - a scroll of vulnerability {unknown}
 g - a scroll of blinking {unknown}
 k - a scroll of identify {unknown}
 m - a scroll of teleportation {unknown}
 n - 3 scrolls of fog {unknown}
 p - a scroll of revelation {unknown}
Potions
 e - a potion of resistance {unknown}
 i - a potion of degeneration {unknown}
 j - a potion of heal wounds
 l - a potion of haste {unknown}
 o - a potion of attraction {unknown}
 q - a potion of enlightenment {unknown}
 r - a potion of curing {unknown}


   Skills:
 + Level 4.2 Fighting
 + Level 4.2 Long Blades
 - Level 2.6 Dodging
 + Level 0.2 Stealth


You had 2 spell levels left.
You didn't know any spells.
Your spell library was empty.

Dungeon Overview and Level Annotations

Branches:
Dungeon (3/15)

Altars:

Annotations:
D:2 Jessica


Innate Abilities, Weirdness & Mutations

Your plain brown scales are hard. (AC +5)
You cannot fit into any form of body armour.
You are cold-blooded and may be slowed by cold attacks.


Message History

Found a ring mail.
Found a mace.
r - a clear potion An adder comes into view.
An adder is nearby!
An adder is nearby!
An orc priest comes into view. It is wielding a +0 club.
The orc priest shouts!
You hear a shout!
An orc comes into view. It is wielding a +0 flail.
An orc comes into view. It is wielding a +0 flail.
The adder misses you.
You miss the adder. The adder bites you but does no damage.
The adder barely misses you.
You miss the adder.
Your tail-slap misses the adder.
The adder barely misses you. The adder bites you.
You closely miss the adder. The adder bites you.
You are poisoned.
The adder poisons you!
The orc priest mumbles some strange prayers to Beogh against you.
Pain shoots through your body!
You closely miss the adder.
You feel sick. The adder bites you but does no damage.
You hit the adder. You tail-slap the adder. Your punch misses the adder.
The adder is heavily wounded.
You feel sick. The adder closely misses you. The adder bites you.
You are more poisoned.
The adder poisons you!
You hit the adder but do no damage.
The adder is heavily wounded.
You feel sick. The adder barely misses you. The orc barely misses you.
You hit the adder.
You kill the adder!
Trog accepts your kill.
You feel sick. The orc barely misses you.
The orc priest mumbles some strange prayers to Beogh against you.
Pain shoots through your body!
* * * LOW HITPOINT WARNING * * *
The orc hits you with a +0 flail.
You die...

# +# #. ...
.###.############...
.....................
....................#
...........?........#
....................#
............oo......#
............@........
#..........o.......
##................#
#................#
#................#
#................#
#................#
#................
#......).....


You could see an orc priest and 2 orcs.

Vanquished Creatures
  A gnoll (D:3)
  2 adders
  A dart slug (D:1)
  An orc (D:3)
  7 bats
  2 endoplasms (D:1)
  3 giant cockroaches (D:1)
  A goblin (D:3)
  A hobgoblin (D:1)
  7 jackals
  2 kobolds
  A quokka (D:1)
  4 ball pythons (D:1)
  6 frilled lizards
  5 rats
44 creatures vanquished.

Notes
Turn   | Place    | Note
-------+----------+-------------------------------------------
     0 | D:1      | Schnaeble the Draconian Berserker began the quest for the
                  | Orb.
     0 | D:1      | Reached XP level 1. HP: 19/19 MP: 1/1
   189 | D:1      | Reached XP level 2. HP: 21/26 MP: 2/2
   379 | D:1      | Reached ** piety under Trog
   584 | D:1      | Reached XP level 3. HP: 15/33 MP: 3/3
  1362 | D:2      | Noticed Jessica
  1523 | D:3      | Slain by an orc

Illustrated notes

Levels and vault maps discovered:
D:1:      tarquinn_simple_flora_water_c, layout_basic, serial_curves,
          eino_curves_01, eino_curves_02, minmay_pentomino_t4
D:2:      layout_loops_corners, uniq_jessica, uniq_crazy_yiuf_cottage
D:3:      lemuel_castle_with_subvaults [lemuel_castle_interior_carwin_3],
          layout_basic, mainiacjoe_overflow_alcove_2, elyvilon_altar_3,
          minmay_divided_ellipse, uniq_pargi, uniq_sigmund, uniq_ijyb

Skill      XL: |  1  2  3 |
---------------+----------+-----
Fighting       | 4 |  4.2
Long Blades    | 4 |  4.2
Dodging        | |  2.6
Stealth        | |  0.2

Action                     || total
---------------------------++-------
  Melee: Falchion          ||   157
         Tailslap          ||    19
    Use: Potion            ||     1
 Armour: Skin              ||   145
  Dodge: Dodged            ||   171

Table legend: (Time is in decaauts)
 A = Elapsed time spent in this place.
 B = Non-inter-level travel time spent in this place.
 C = Inter-level travel time spent in this place.
 D = Time resting spent in this place.
 E = Time spent auto-exploring this place.
 F = Levels seen in this place.
 G = Mean time per level.
                   A        B        C        D        E       F      G
               +--------+--------+--------+--------+--------+-----+--------+
         Total |   1546 |   1447 |     99 |      0 |   1097 |   3 |  515.3 |
       Dungeon |   1546 |   1447 |     99 |      0 |   1097 |   3 |  515.3 |
               +--------+--------+--------+--------+--------+-----+--------+

Top non-repeatable levels by time:
     D:1: 987 daAuts
     D:2: 409 daAuts
     D:3: 149 daAuts
